[Event "Navidad Barcelona IM2 2024"]
[Site "Barcelona"]
[Date "2024.12.28"]
[Round "4.5"]
[White "Masague Artero, Guerau"]
[Black "Fuentes Guinot, Alejandro"]
[Result "1-0"]
[ECO "D38"]
[WhiteElo "2265"]
[BlackElo "2262"]
[Annotator "RC"]
[PlyCount "135"]
[EventDate "2024.12.26"]
[EventCountry "ESP"]
[SourceTitle "playchess.com"]
[Source "ChessBase"]
[SourceQuality "1"]
[TimeControl "5400+30"]

1. c4 e6 2. Nc3 d5 3. d4 Nf6 4. cxd5 exd5 5. Bg5 Bb4 6. e3 h6 7. Bxf6 Qxf6 8. Qa4+ Nc6 9. Nf3 O-O 10. Be2 Be6 11. a3 Bd6 12. Nb5 a6 13. Nxd6 cxd6 14. O-O Rfc8 15. Rfc1 b5 16. Qd1 Qd8 17. Ne1 Na5 18. Nd3 Nc4 19. b3 Nb6 20. Qd2 a5 21. Nf4 Qd7 22. h4 Qe8 23. h5 Bd7 24. Bf3 Bc6 25. Rc2 Qd7 26. Rac1 a4 27. Qb4 axb3 28. Qxb3 Nc4 29. Bxd5 Bxd5 30. Nxd5 Rcb8 31. Ra2 Qb7 32. Nf4 Ra4 33. Rb1 Qa8 34. Rba1 Qc6 35. Ne2 Na5 36. Qd3 Rc4 37. Rb2 Qd5 38. Nf4 Qc6 39. Rab1 Rc1+ 40. Kh2 Rxb1 41. Rxb1 Rb7 42. Rb4 d5 43. Qf5 Nc4 44. a4 bxa4 45. Rxa4 Rd7 46. Ra8+ Qxa8 47. Qxd7 Nb6 48. Qd6 Qb7 49. g4 Kh7 50. Kg3 Kg8 51. Kg2 Kh7 52. Ng6 Qc8 53. Ne5 Nc4 54. Qxd5 Nxe5 55. Qe4+ f5 56. Qxe5 fxg4 57. d5 Qa8 58. e4 Kh8 59. d6 Qa3 60. Qe8+ Kh7 61. Qf8 g6 62. Qf7+ Kh8 63. Qe8+ Kg7 64. Qxg6+ Kf8 65. Qxh6+ Kg8 66. Qg5+ Kh7 67. Qxg4 Qd3 68. h6 1-0

[Event "Navidad Barcelona IM2 2024"]
[Site "Barcelona"]
[Date "2024.12.28"]
[Round "5.1"]
[White "Fuentes Guinot, Alejandro"]
[Black "Cruz, Jonathan"]
[Result "0-1"]
[ECO "D94"]
[WhiteElo "2262"]
[BlackElo "2342"]
[Annotator "RC"]
[PlyCount "56"]
[EventDate "2024.12.26"]
[EventCountry "ESP"]
[SourceTitle "playchess.com"]
[Source "ChessBase"]
[SourceQuality "1"]
[TimeControl "5400+30"]

1. d4 Nf6 2. c4 g6 3. Nc3 d5 4. Nf3 Bg7 5. e3 O-O 6. Be2 c5 7. O-O cxd4 8. exd4 Nc6 9. h3 Be6 10. Ne5 dxc4 11. Nxc6 bxc6 12. Na4 Nd7 13. Be3 Nb6 14. Rc1 Bd5 15. Qc2 Qb8 16. Nxb6 Qxb6 17. Rfd1 Rfb8 18. Rb1 Qa6 19. a3 Qb5 20. Rd2 e5 21. Qc3 Qb3 22. Qxb3 Rxb3 23. dxe5 c3 24. Rd4 Bxe5 25. Bd1 Rxb2 26. Rc1 Bxd4 27. Bxd4 Ra2 28. Rxc3 Rd2 0-1

[Event "Navidad Barcelona IM2 2024"]
[Site "Barcelona"]
[Date "2024.12.28"]
[Round "5.2"]
[White "Rojas Keim, Luis"]
[Black "Masague Artero, Guerau"]
[Result "0-1"]
[ECO "C45"]
[WhiteElo "2326"]
[BlackElo "2265"]
[Annotator "RC"]
[PlyCount "58"]
[EventDate "2024.12.26"]
[EventCountry "ESP"]
[SourceTitle "playchess.com"]
[Source "ChessBase"]
[SourceQuality "1"]
[TimeControl "5400+30"]

1. e4 e5 2. Nf3 Nc6 3. d4 exd4 4. Nxd4 Qf6 5. Be3 Bc5 6. c3 Nge7 7. Bb5 Bb6 8. O-O O-O 9. f4 Nxd4 10. Bxd4 Bxd4+ 11. cxd4 d5 12. e5 Qb6 13. Nc3 c5 14. Be2 cxd4 15. Na4 Qa5 16. Rc1 b6 17. b3 Nf5 18. Rf3 Bd7 19. g4 Ne3 20. Qxd4 Nxg4 21. Rg3 Nh6 22. Bd3 Bf5 23. e6 g6 24. e7 Rfe8 25. Qe5 Qd2 26. Qe1 Qxf4 27. Bb5 Rxe7 28. Qxe7 Qxc1+ 29. Bf1 d4 0-1

[Event "Navidad Barcelona IM2 2024"]
[Site "Barcelona"]
[Date "2024.12.28"]
[Round "5.3"]
[White "Ayats Llobera, Gerard"]
[Black "Cruz, Filemon"]
[Result "1-0"]
[ECO "B48"]
[WhiteElo "2451"]
[BlackElo "2234"]
[Annotator "RC"]
[PlyCount "77"]
[EventDate "2024.12.26"]
[EventCountry "ESP"]
[SourceTitle "playchess.com"]
[Source "ChessBase"]
[SourceQuality "1"]
[TimeControl "5400+30"]

1. e4 c5 2. Nf3 e6 3. d4 cxd4 4. Nxd4 a6 5. Nc3 Qc7 6. Bd3 Bd6 7. Be3 Nf6 8. h3 Nc6 9. O-O Bh2+ 10. Kh1 Bf4 11. Qd2 Bxe3 12. Qxe3 d6 13. Nxc6 bxc6 14. f4 Nd7 15. Rae1 O-O 16. e5 d5 17. Na4 Qa7 18. Qxa7 Rxa7 19. c4 Rb7 20. cxd5 cxd5 21. Rc1 Rb4 22. b3 g5 23. g3 Kg7 24. Rc7 Rd4 25. Nb2 Nb8 26. fxg5 Bd7 27. Rf4 Rxf4 28. gxf4 h6 29. gxh6+ Kxh6 30. Kg2 f6 31. exf6 Rxf6 32. Kg3 Rf7 33. Nd1 Rg7+ 34. Kf2 Kh5 35. Ne3 Kh4 36. Be2 Rf7 37. Ng2+ Kxh3 38. Rc1 Kh2 39. Bf3 1-0

[Event "Navidad Barcelona IM2 2024"]
[Site "Barcelona"]
[Date "2024.12.28"]
[Round "5.4"]
[White "Gonzalez, Raul Omar"]
[Black "Abreu Sanchez, Leonel Jesus"]
[Result "1-0"]
[ECO "A16"]
[WhiteElo "2131"]
[BlackElo "1857"]
[Annotator "RC"]
[PlyCount "63"]
[EventDate "2024.12.26"]
[EventCountry "ESP"]
[SourceTitle "playchess.com"]
[Source "ChessBase"]
[SourceQuality "1"]
[TimeControl "5400+30"]

1. c4 Nf6 2. Nc3 b6 3. d3 Bb7 4. e4 e5 5. Nf3 d6 6. g3 Be7 7. h4 Nbd7 8. Bh3 c6 9. O-O O-O 10. Re1 Qc7 11. d4 exd4 12. Nxd4 Ne5 13. b3 Rfe8 14. Nf5 h5 15. Bg5 Rad8 16. Rc1 Bc8 17. Kg2 Bxf5 18. Bxf5 g6 19. Bh3 Qb7 20. f4 Neg4 21. Qf3 a6 22. Rcd1 Qc7 23. a4 Kg7 24. Re2 Qb8 25. Rde1 Qc8 26. Nd1 Nh7 27. Bxe7 Rxe7 28. Nf2 b5 29. Bxg4 hxg4 30. Nxg4 bxc4 31. bxc4 Qe6 32. f5 1-0

[Event "Navidad Barcelona IM2 2024"]
[Site "Barcelona"]
[Date "2024.12.28"]
[Round "5.5"]
[White "Serrahima Susany, Ramon"]
[Black "Martin Barcelo, Carles"]
[Result "0-1"]
[ECO "B12"]
[WhiteElo "2020"]
[BlackElo "2257"]
[Annotator "RC"]
[PlyCount "64"]
[EventDate "2024.12.26"]
[EventCountry "ESP"]
[SourceTitle "playchess.com"]
[Source "ChessBase"]
[SourceQuality "1"]
[TimeControl "5400+30"]

1. e4 c6 2. d4 d5 3. e5 c5 4. Nf3 cxd4 5. Qxd4 Nc6 6. Qf4 g6 7. Nc3 d4 8. Ne4 Bh6 9. Neg5 f6 10. exf6 exf6 11. Qe4+ Kf8 12. Ne6+ Bxe6 13. Bxh6+ Nxh6 14. Qxe6 Qa5+ 15. Kd1 Kg7 16. Qd7+ Nf7 17. Bc4 Rhf8 18. Qxb7 Rac8 19. Re1 Qc5 20. Qb5 Qd6 21. Re6 Qc7 22. b3 Nfe5 23. Qc5 Nxf3 24. gxf3 Qf4 25. Bd5 Ne5 26. Re7+ Kh6 27. Qxa7 Nxf3 28. Rxh7+ Kg5 29. h4+ Kg4 30. Qd7+ f5 31. Bxf3+ Qxf3+ 32. Kc1 Qc3 0-1